 Dungeon Crawl Stone Soup version 0.30-a0-23-ge60ba3568b (webtiles) character file.

Game seed: 11952355003182433380

25625 purpskrrrp the Carver (level 12, 0/106 HPs)
             Began as a Demigod Fighter on Aug 25, 2022.
             Slain by a meliai
             ... wielding a +0 hand axe
              (16 damage)
             ... on level 14 of the Dungeon on Aug 26, 2022.
             The game lasted 01:09:09 (18200 turns).

purpskrrrp the Carver (Demigod Fighter)            Turns: 18200, Time: 01:09:09

Health: 0/106      AC: 17    Str: 34    XL:     12   Next: 55%
Magic:  8/15       EV: 12    Int: 10    God:
Gold:   784        SH:  7    Dex: 21    Spells: 11/11 levels left

rFire   + + +      SeeInvis .    p - +12 long sword "Koukeck" {freeze, Fly rPois rC+++ Str-2}
rCold   + + +      Faith    .    c - +0 buckler
rNeg    . . .      Spirit   .    I - +0 scale mail of Bedevilment {rPois rF+ Str+4}
rPois   +          Reflect  .    K - +2 helmet
rElec   +          Harm     .    (no cloak)
rCorr   +          Rampage  .    E - +2 pair of gloves {infuse}
Will    +....                    x - +1 pair of boots of Patterns {rF+ Str+7}
Stlth   ..........               i - amulet of regeneration
HPRegen 1.07/turn                F - ring of resist corrosion
MPRegen 0.14/turn                (no ring)

@: resistant, flying, hasted, very quick
A: high MP 1, forlorn, divine attributes
a: no special abilities


You were on level 14 of the Dungeon.
You visited 2 branches of the dungeon, and saw 15 of its levels.
You also visited: Ossuary and Ice Cave.

You collected 865 gold pieces.
You spent 81 gold pieces at shops.

Inventory:

Hand Weapons
 p - the +12 long sword "Koukeck" (weapon) {freeze, Fly rPois rC+++ Str-2}
   (You found it on level 5 of the Dungeon)

   It freezes those it strikes, dealing additional cold damage.
   It can also slow down cold-blooded creatures.
   Str:       It affects your strength (-2).
   rC:        It renders you almost immune to cold.
   rPois:     It protects you from poison.
   Fly:       It grants you flight.
 D - the +5 mace of Intimidation {drain, Int+3}
   (You took it off an orc wizard on level 13 of the Dungeon)

   A truly terrible weapon, it drains the life of any living foe it strikes.
   Int:       It affects your intelligence (+3).
Missiles
 w - 13 boomerangs
Armour
 b - a +3 scale mail
 c - a +0 buckler (worn)
 x - the +1 pair of boots of Patterns (worn) {rF+ Str+7}
   (You found it on level 6 of the Dungeon)

   Str:       It affects your strength (+7).
   rF:        It protects you from fire.
 B - a scarf of harm
 E - a +2 pair of gloves of infusion (worn)
 I - the +0 scale mail of Bedevilment (worn) {rPois rF+ Str+4}
   (You found it on level 11 of the Dungeon)

   Str:       It affects your strength (+4).
   rF:        It protects you from fire.
   rPois:     It protects you from poison.
 K - a +2 helmet (worn)
 L - +0 acid dragon scales
Jewellery
 i - an amulet of regeneration (around neck)
 C - an amulet of guardian spirit
 F - a ring of resist corrosion (left hand)
 G - a ring of fire
Wands
 r - a wand of charming (23)
 t - a wand of polymorph (2)
 u - a wand of digging (2)
 v - a wand of light (2)
 y - a wand of flame (35) (quivered)
Scrolls
 d - a scroll of silence
 g - 2 scrolls of magic mapping
 k - 2 scrolls of poison
 n - 7 scrolls of teleportation
 q - 3 scrolls of vulnerability
 s - 3 scrolls of identify
 H - 2 scrolls of brand weapon
 J - a scroll of enchant armour
Potions
 a - 3 potions of brilliance
 e - 5 potions of lignification
 f - 7 potions of curing
 h - 2 potions of ambrosia
 m - 4 potions of cancellation
 z - a potion of attraction
 A - a potion of magic
Miscellaneous
 o - a tin of tremorstones (2/2)


   Skills:
 + Level 9.7 Fighting
 * Level 10.7 Long Blades
 - Level 5.5 Maces & Flails
 + Level 9.7 Armour
 + Level 3.6 Dodging
 + Level 9.7 Shields


You had 11 spell levels left.
You didn't know any spells.
Your spell library contained the following spells:

 Spells                   Type           Power      Damage    Failure   Level
 Beastly Appendage        Tmut           0%         N/A       63%         1
 Foxfire                  Conj/Fire      0%         2x1d4     63%         1
 Magic Dart               Conj           0%         1d3       63%         1
 Blink                    Tloc           0%         N/A       77%         2
 Call Imp                 Summ           0%         N/A       77%         2
 Wereblood                Tmut           0%         N/A       77%         2
 Conjure Flame            Conj/Fire      0%         6-21      94%         3
 Frozen Ramparts          Ice            0%         1d1       94%         3
 Inner Flame              Hex/Fire       0%         N/A       94%         3
 Mephitic Cloud           Conj/Pois/Air  0%         N/A       94%         3
 Spider Form              Tmut/Pois      0%         N/A       94%         3
 Flame Wave               Conj/Fire      0%         2d4       100%        4
 Ice Form                 Ice/Tmut       0%         N/A       100%        4
 Leda's Liquefaction      Hex/Erth       0%         N/A       100%        4
 Summon Ice Beast         Ice/Summ       0%         N/A       100%        4
 Lee's Rapid Deconstruct  Erth           0%         3d5*      100%        5
 Manifold Assault         Tloc           0%         N/A       100%        5
 Statue Form              Tmut/Erth      0%         N/A       100%        6
 Storm Form               Tmut/Air       0%         N/A       100%        7


Dungeon Overview and Level Annotations

Branches:
Dungeon (14/15)            Temple (0/1) D:4            Lair (1/5) D:10
    Orc (0/2) D:9         Ossuary (visited)           IceCv (visited)
 Vaults: D:13-14

Shops:
D:1 [   D:7 *[


Innate Abilities, Weirdness & Mutations

You have an increased reservoir of magic. (+10% MP)
You shall have no god before yourself.
Your divine heritage dramatically boosts your attributes as you level up.


Message History

The killer bee is almost dead.
The killer bee barely misses you.
The meliai calls upon its god to heal the killer bee.
The killer bee is healed somewhat.
You block the killer bee's attack.
You slice the killer bee!! You freeze the killer bee.
You kill the killer bee!
The meliai rages.
You slice the killer bee!! You freeze the killer bee!
You kill the killer bee!
You slice the killer bee!! You freeze the killer bee!
You kill the killer bee!
You slash the meliai! You freeze the meliai.
The meliai is heavily wounded.
The meliai hits you but does no damage. You block the meliai's attack.
The meliai invokes the aid of its god against you.
Something smites you!
You slice the meliai!! You freeze the meliai.
You kill the meliai!
You block the meliai's attack. x2
You closely miss the meliai.
The meliai hits you with a +0 hand axe!!
The meliai stings you! The meliai attacks as you move away!
The meliai hits you with a +0 hand axe!
* * * LOW HITPOINT WARNING * * *
You block the meliai's attack. x2; The meliai stings you.
* * * LOW HITPOINT WARNING * * *
Okay, then.
Okay, then.
You are confused.
You feel invigorated. The meliai hits you with a +0 hand axe.
* * * LOW HITPOINT WARNING * * *
The meliai stings you but does no damage.
The meliai barely misses you. The meliai stings you.
* * * LOW HITPOINT WARNING * * *
The meliai hits you with a +0 hand axe!!
* * * LOW HITPOINT WARNING * * *
The meliai stings you but does no damage.
You feel better.
You feel less invigorated. The meliai hits you with a +0 hand axe!
You die...

#######...............
#.............########
#.#####.###.#.# #.#####.#
#.#.### † #.#...#.#
#.....# .! ####.#.....#
###.### !!! .........###
#.# .!. .....)...# ##.##
yy
####.###.######.@y##.#####
#.# #.<......#yyy$.....
#.##########...########
#.............##
##############


You could see a queen bee, a meliai (berserk) and 2 killer bees.

Vanquished Creatures
  A fire dragon (D:12)
  A hydra (D:13)
  2 centaur warriors
  4 two-headed ogres
  A deep elf pyromancer (D:12)
  9 ugly things
  3 cyclopes
  3 manticores
  Joseph (D:9)
  2 gargoyles (D:11)
  Psyche (D:8)
  An unseen horror (D:11)
  2 rime drakes (D:11)
  2 meliai (D:14)
  3 trolls
  8 slime creatures
  A shadow (D:11)
  A wraith (D:13)
  2 vampires
  13 yaks
  Grum (D:11)
  Eustachio (D:5)
  A steam dragon (D:7)
  2 vampire mosquitoes (D:13)
  3 acid dragons
  Edmund (D:4)
  3 wargs (D:10)
  Duvessa (D:4)
  3 ice beasts
  2 black bears
  2 orc warriors
  An ogre (D:6)
  3 centaurs
  3 wolves (D:11)
  2 phantoms
  5 kobold brigands
  2 bullfrogs
  Blork the orc (D:5)
  2 elf zombies (Ossuary)
  2 necrophages
  2 gnoll sergeants
  7 scorpions
  A wight (D:7)
  Dowan (D:4)
  28 killer bees
  4 howler monkeys
  2 electric eels (D:11)
  4 crimson imps (D:10)
  A centaur zombie (Ossuary)
  3 human zombies (Ossuary)
  3 hounds
  13 orc priests
  2 gnoll boudas (D:7)
  3 jellies
  Crazy Yiuf (D:7)
  Jessica (D:3)
  5 iguanas
  Natasha (twice) (D:3)
  14 orc wizards
  A boggart simulacrum (D:14)
  2 mummies (Ossuary)
  12 gnolls
  7 adders
  3 white imps
  2 ufetubi (D:6)
  An adder zombie (Ossuary)
  2 dart slugs
  43 orcs
  6 endoplasms
  3 giant cockroaches
  4 hobgoblins
  4 jackals (D:3)
  3 quokkas
  7 ball pythons
  5 bats
  2 goblins (D:1)
  3 goblin zombies (Ossuary)
  6 hobgoblin zombies (Ossuary)
  A jackal zombie (Ossuary)
  29 kobolds
  11 kobold zombies (Ossuary)
  8 orc zombies (Ossuary)
  7 rats
  A rat zombie (Ossuary)
  A bush (D:1)
373 creatures vanquished.

Vanquished Creatures (collateral kills)
  A slime creature (D:13)
  2 gnolls (D:5)
  2 orcs (D:13)
5 creatures vanquished.

Vanquished Creatures (others)
  2 slime creatures
  2 plants
4 creatures vanquished.

Grand Total: 382 creatures vanquished

Notes
Turn   | Place    | Note
-------+----------+-------------------------------------------
     0 | D:1      | purpskrrrp the Demigod Fighter began the quest for the Orb.
     0 | D:1      | Reached XP level 1. HP: 18/18 MP: 3/3
   340 | D:1      | Reached XP level 2. HP: 23/25 MP: 4/4
   982 | D:1      | Found Hoank's Antique Armour Emporium.
  1592 | D:2      | Reached XP level 3. HP: 31/31 MP: 5/5
  2247 | D:3      | Noticed a spectral centipede
  2247 | D:3      | Noticed a spectral black mamba
  2247 | D:3      | Noticed a spectral scorpion
  2247 | D:3      | Noticed a spectral cane toad
  2301 | D:3      | Reached XP level 4. HP: 13/38 MP: 6/6
  2724 | D:3      | Noticed Jessica
  2735 | D:3      | Killed Jessica
  2878 | D:3      | Noticed Natasha
  2884 | D:3      | Killed Natasha
  3086 | D:3      | Noticed Natasha
  3095 | D:3      | Killed Natasha
  3096 | D:3      | Reached XP level 5. HP: 37/45 MP: 7/7
  3379 | D:4      | Found a staircase to the Ecumenical Temple.
  3430 | D:4      | Noticed Duvessa
  3430 | D:4      | Noticed Dowan
  3453 | D:4      | Reached XP level 6. HP: 30/52 MP: 8/8
  4048 | D:4      | Killed Duvessa
  4068 | D:4      | Killed Dowan
  4403 | D:3      | Reached XP level 7. HP: 53/58 MP: 9/9
  4417 | D:4      | Noticed Edmund
  4636 | D:4      | Killed Edmund
  4912 | D:5      | Entered Level 5 of the Dungeon
  4914 | D:5      | Found a sand-covered staircase.
  4929 | Ossuary  | Entered an ossuary
  5214 | Ossuary  | Reached skill level 5 in Armour
  5226 | Ossuary  | Reached skill level 5 in Fighting
  5226 | Ossuary  | Reached skill level 5 in Shields
  5345 | D:5      | Identified the +12 long sword "Koukeck" {freeze, Fly rPois
                  | rC+++ Str-2}
  5361 | D:5      | Reached XP level 8. HP: 59/68 MP: 10/10
  5411 | D:5      | Noticed Blork the orc
  5418 | D:5      | Killed Blork the orc
  5419 | D:5      | Reached skill level 5 in Maces & Flails
  5791 | D:5      | Noticed Eustachio
  5811 | D:5      | Killed Eustachio
  5877 | D:5      | Reached skill level 1 in Long Blades
  6265 | D:6      | Identified the +1 pair of boots of Patterns {rF+ Str+7}
  6565 | D:6      | Reached skill level 2 in Long Blades
  6607 | D:6      | Reached XP level 9. HP: 75/75 MP: 11/11
  7214 | D:7      | Found Buhoboill's Armour Boutique.
  7245 | D:7      | Reached skill level 3 in Long Blades
  7580 | D:7      | Reached skill level 4 in Long Blades
  8061 | D:7      | Found Mell's Assorted Antiques.
  8067 | D:7      | Bought an amethyst potion for 25 gold pieces
  8067 | D:7      | Bought a scroll of identify for 56 gold pieces
  8182 | D:7      | Found a runed translucent door.
  8183 | D:7      | Noticed Crazy Yiuf
  8546 | D:7      | Killed Crazy Yiuf
  8663 | D:8      | Noticed Psyche
  8670 | D:8      | Killed Psyche
  9278 | D:8      | Noticed a two-headed ogre
  9282 | D:8      | Killed a two-headed ogre
  9283 | D:8      | Reached skill level 5 in Long Blades
  9553 | D:8      | Reached XP level 10. HP: 82/86 MP: 8/13
 10031 | D:8      | Noticed a two-headed ogre
 10042 | D:8      | Killed a two-headed ogre
 10307 | D:9      | Reached skill level 6 in Long Blades
 10619 | D:9      | Found a staircase to the Orcish Mines.
 10765 | D:9      | Noticed a two-headed ogre
 10772 | D:9      | Killed a two-headed ogre
 10918 | D:9      | Noticed Joseph
 10938 | D:9      | Killed Joseph
 11619 | D:9      | Reached skill level 7 in Long Blades
 11866 | D:10     | Entered Level 10 of the Dungeon
 12139 | D:10     | Found a staircase to the Lair.
 12313 | D:10     | Noticed a two-headed ogre
 12681 | D:10     | Killed a two-headed ogre
 12682 | D:10     | Reached XP level 11. HP: 86/94 MP: 9/14
 13044 | D:11     | Found a frozen archway.
 13054 | D:11     | Reached skill level 8 in Long Blades
 13109 | IceCv    | Entered an ice cave
 13411 | D:11     | Identified the +0 scale mail of Bedevilment {rPois rF+
                  | Str+4}
 13595 | D:11     | Noticed a centaur warrior
 13610 | D:11     | Killed a centaur warrior
 14001 | D:11     | Reached skill level 9 in Long Blades
 14111 | D:11     | Noticed Grum
 14120 | D:11     | Killed Grum
 15020 | D:12     | Reached skill level 1 in Dodging
 15421 | D:12     | Noticed a deep elf pyromancer
 15831 | D:12     | Killed a deep elf pyromancer
 16027 | D:12     | Noticed an eight-headed hydra
 16029 | D:12     | Noticed a fire dragon
 16029 | D:12     | an eight-headed hydra changed into a fire dragon
 16041 | D:12     | Killed a fire dragon
 16042 | D:12     | Reached XP level 12. HP: 58/104 MP: 0/15
 16592 | D:13     | Identified the +5 mace of Intimidation {drain, Int+3}
 16626 | D:13     | Reached skill level 10 in Long Blades
 16878 | D:13     | Noticed a seven-headed hydra
 16964 | Lair:1   | Entered Level 1 of the Lair of Beasts
 17392 | D:13     | Killed a seven-headed hydra
 17745 | D:14     | Noticed a centaur warrior
 17745 | D:14     | Noticed a death knight
 17784 | D:14     | Noticed a centaur warrior
 17790 | D:14     | Killed a centaur warrior
 18200 | D:14     | Slain by a meliai

Illustrated notes

Levels and vault maps discovered:
D:1:      psy_arrival_spokes, layout_loops_ring,
          chequers_ecumenical_altar_lobes, serial_forest,
          infiniplex_forest_corner_2, infiniplex_forest_clump_curved,
          infiniplex_forest_clump_double, infiniplex_forest_clump_tiny,
          infiniplex_forest_corner_1, serial_shops, nicolae_shop_behind_doors
D:2:      layout_loops_ring
D:3:      layout_loops_corners, pdpol_wu_jian_five_deadly_venoms,
          minmay_misc_feat_ornament, serial_park_tiny_pond, uniq_jessica,
          uniq_natasha
D:4:      layout_cave_pools, temple_pool_b, uniq_duvessa, uniq_edmund
D:5:      nicolae_cairo_tiling_large_dashed, layout_loops_ring,
          nicolae_overflow_crystal_walls, enter_ossuary_1,
          mrwooster_statue_mirror, minivault_5, uniq_blork_the_orc,
          uniq_eustachio
D:6:      layout_rooms, lemuel_crystal_altar,
          mainiacjoe_overflow_large_starburst, grunt_ministairs_13
D:7:      layout_loops_ring, nicolae_gozag_cash_rules_everything_around_me,
          old_standard_altar, serial_shops, shop, nicolae_shop_hallway_stairs,
          st_stairs_9, kennysheep_pointless_box, uniq_crazy_yiuf_cottage
D:8:      layout_layer_cave, nicolae_benzene_ring, uniq_psyche
D:9:      layout_basic, orc_0_dummy, minmay_sticks_and_stones
D:10:     layout_roguey, led_xom_imps, erik_lair_orcish_takeover,
          corexii_mini_fake_secret_closet
D:11:     layout_rooms, portal_ice_cave_rime, serial_glass, glass_columns_a,
          glass_columns_a, kennysheep_cluttered_room, uniq_grum
D:12:     layout_stronghold
D:13:     layout_rooms
D:14:     layout_loops_ring, david_vaults_2, tso_metal_star, serial_shops,
          nicolae_shop_window_shopping, special_room [special_room_bee],
          nicolae_trove_entry_crossroad
Lair:1:   layout_misc_corridors, infiniplex_staircase_pool

Skill      XL: |  1  2  3  4  5  6  7  8  9 10 11 12 |
---------------+-------------------------------------+-----
Maces & Flails | 2 3 4 5 |  5.5
Armour         | 3 4 5 6 7 8 9 |  9.7
Shields        | 3 4 5 6 7 8 9 |  9.7
Fighting       | 3 4 5 6 7 8 9 |  9.7
Long Blades    | 2 5 7 9 10 | 10.7
Dodging        | 2 3 |  3.6

Action                   |  1- 3 |  4- 6 |  7- 9 | 10-12 || total
-------------------------+-------+-------+-------+-------++-------
Melee: Flail             |   167 |   135 |   153 |       ||   455
       Morningstar       |    32 |     1 |       |       ||    33
       Long sword        |       |       |   186 |   564 ||   750
       Mace              |       |       |       |     6 ||     6
Throw: Boomerang         |       |       |     5 |       ||     5
Evoke: Wand              |       |       |     6 |     7 ||    13
  Use: Scroll            |       |       |    18 |    11 ||    29
       Potion            |       |       |     1 |    13 ||    14
 Stab: Invisible         |       |       |       |     1 ||     1
Armor: Scale mail        |    82 |    99 |   189 |   247 ||   617
Dodge: Dodged            |    71 |    90 |   119 |   222 ||   502
Block: Buckler           |    35 |    56 |    82 |   169 ||   342

Table legend: (Time is in decaauts)
 A = Elapsed time spent in this place.
 B = Non-inter-level travel time spent in this place.
 C = Inter-level travel time spent in this place.
 D = Time resting spent in this place.
 E = Time spent auto-exploring this place.
 F = Levels seen in this place.
 G = Mean time per level.
                   A        B        C        D        E       F      G
               +--------+--------+--------+--------+--------+-----+--------+
         Total |  18368 |  17479 |    889 |   4955 |   8431 |  17 | 1080.5 |
       Dungeon |  17983 |  17095 |    888 |   4955 |   8414 |  14 | 1284.5 |
          Lair |      1 |      0 |      1 |      0 |      0 |   1 |    1.0 |
       Ossuary |    364 |    364 |      0 |      0 |     17 |   1 |  364.0 |
      Ice Cave |     18 |     18 |      0 |      0 |      0 |   1 |   18.0 |
               +--------+--------+--------+--------+--------+-----+--------+

Top non-repeatable levels by time:
     D:3: 2026 daAuts
    D:11: 1918 daAuts
     D:8: 1639 daAuts
     D:9: 1598 daAuts
    D:12: 1594 daAuts
     D:7: 1431 daAuts
    D:13: 1348 daAuts
     D:1: 1336 daAuts
    D:10: 1235 daAuts
     D:5: 1033 daAuts
     D:6: 968 daAuts
     D:4: 927 daAuts
     D:2: 739 daAuts
 Ossuary: 364 daAuts
    D:14: 184 daAuts
